 Dungeon Crawl Stone Soup version 0.24.0-13-gcf9b3192b9 (webtiles) character file.

Game seed: 11632195706889513813, levelgen mode: deterministic

856 Arixos the Skirmisher (level 7, -2/55 HPs)
             Began as a Mummy Abyssal Knight on Nov 7, 2019.
             Was a Priest of Lugonu.
             Slain by a gnoll
             ... wielding a +0 halberd
              (11 damage)
             ... on level 5 of the Dungeon.
             The game lasted 00:13:43 (4365 turns).

Arixos the Skirmisher (Mummy Abyssal Knight)        Turns: 4365, Time: 00:13:43

Health: -2/55      AC: 10    Str: 20    XL:     7   Next: 70%
Magic:  9/9        EV:  6    Int: 12    God:    Lugonu [***...]
Gold:   309        SH: 14    Dex: 11    Spells: 6/6 levels left

rFire    x . .     SeeInvis +   e - +2 flail (venom)
rCold    + . .     Gourm    .   d - +0 large shield
rNeg     + + +     Faith    +   b - +3 ring mail
rPois    ∞         Spirit   .   j - +0 helmet
rElec    .         Reflect  .   (no cloak)
rCorr    .         Harm     .   (no gloves)
MR       .....                  s - +0 pair of boots of Hide-and-Seek {SInv}
Stlth    ++........             c - amulet of faith
HPRegen  0.18/turn              f - ring of stealth
MPRegen  0.11/turn              m - +3 ring of strength

@: no status effects
A: no food or potions, fire vulnerability, cold resistance 1, negative energy
resistance 3, torment resistance, unbreathing
a: Depart the Abyss, Bend Space, Banish, Renounce Religion


You were on level 5 of the Dungeon.
You worshipped Lugonu.
Lugonu was most pleased with you.
You were not hungry.

You visited 2 branches of the dungeon, and saw 7 of its levels.
You visited the Abyss 1 time.

You collected 309 gold pieces.

Inventory:

Hand Weapons
 a - a +1 falchion
 e - a +2 flail of venom (weapon)
Armour
 b - a +3 ring mail (worn)
 d - a +0 large shield (worn)
 j - a +0 helmet (worn)
 s - the +0 pair of boots of Hide-and-Seek (worn) {SInv}
   (You found it on level 4 of the Dungeon)

   It lets you see invisible.
Jewellery
 c - an amulet of faith (around neck)
 f - a ring of stealth (left hand)
 m - a +3 ring of strength (right hand)
Wands
 p - a wand of acid (12)
Scrolls
 g - 4 scrolls of identify {unknown}
 i - a scroll of remove curse
 k - a scroll of enchant weapon {unknown}
 l - a scroll of blinking {unknown}
 n - a scroll of immolation {unknown}
 o - a scroll of enchant armour {unknown}
 q - a scroll of amnesia {unknown}
 r - a scroll of teleportation {unknown}


   Skills:
 + Level 4.8 Fighting
 + Level 3.5 Long Blades
 - Level 1.5 Armour
 - Level 0.7 Dodging
 * Level 4.4 Shields
 + Level 3.8 Invocations


You had 6 spell levels left.
You didn't know any spells.
Your spell library contained the following spells:

 Spells                   Type           Power        Failure   Level  Hunger
 Magic Dart               Conj           #...         100%        1    N/A
 Blink                    Tloc           N/A          100%        2    N/A
 Call Imp                 Summ           #.......     100%        2    N/A
 Slow                     Hex            #.......     100%        2    N/A
 Conjure Flame            Conj/Fire      #.......     100%        3    N/A
 Mephitic Cloud           Conj/Pois/Air  #.......     100%        3    N/A

Dungeon Overview and Level Annotations

Branches:
Dungeon (6/15)             Temple (1/1) D:5

Altars:
Cheibriados
Dithmenos
Gozag
Hepliaklqana
Kikubaaqudgha
Makhleb
Nemelex Xobeh
Okawaru
Qazlal
Ru
Sif Muna
Trog
Uskayaw
Vehumet
Xom
The Shining One

Annotations:
D:3 2 transporters, AlterAsc's ghost, novice GrEE


Innate Abilities, Weirdness & Mutations

You do not eat or drink.
Your flesh is vulnerable to fire.
You are immune to poison.
Your flesh is cold resistant. (rC+)
You are immune to negative energy. (rN+++)
You are immune to unholy pain and torment.
You can survive without breathing.


Message History

The gnoll hits you but does no damage. The gnoll hits you.
You hit the gnoll.
The gnoll looks as sick as possible!
The gnoll is almost dead.
You kill the gnoll!
Lugonu accepts your kill.
The ogre hits you with a +0 giant club!!
* * * LOW HITPOINT WARNING * * *
You block the gnoll's attack.
You are too injured to fight recklessly!
You thump the ogre!
The ogre is poisoned.
The ogre is heavily wounded.
You block the ogre's attack. The gnoll closely misses you.
You sock the ogre!
The ogre looks as sick as possible!
The ogre is almost dead.
You kill the ogre!
Lugonu accepts your kill. The gnoll barely misses you.
Your shield and ring mail prevent you from hitting the gnoll.
The gnoll hits you from afar with a +0 halberd!
You die...

#...#.#.## #.
###...###.#..# #.
#...###...##.##
##
#.#........#..#
#...##..>..##....
# #?.#........#..
# ##.##g..###....
# #. #g### ## # #
#@#... #
#.....### #
#..#..# #.. ..#
#.. ..# ### #..
###


You could see 2 gnolls.

Vanquished Creatures
  An ice beast (Temple)
  3 ogres (D:5)
  A centaur (D:3)
  A scorpion (D:5)
  A crimson imp (D:5)
  A bullfrog zombie (D:5)
  2 hounds
  An iguana (D:5)
  3 worker ants
  2 gnolls
  2 adders
  2 oozes (D:1)
  An adder skeleton (D:5)
  4 worms
  6 leopard geckos
  2 orcs
  3 ball pythons
  7 giant cockroaches
  8 hobgoblins
  12 jackals
  4 quokkas
  4 bats
  8 frilled lizards
  6 goblins
  A jackal skeleton (D:5)
  6 kobolds
  A quokka skeleton (D:4)
  9 rats
102 creatures vanquished.

Notes
Turn   | Place    | Note
-------+----------+-------------------------------------------
     0 | Abyss:1  | Arixos the Mummy Abyssal Knight began the quest for the
                  | Orb.
     0 | Abyss:1  | Reached XP level 1. HP: 18/18 MP: 2/2
    36 | Abyss:2  | Noticed a small abomination
    55 | Abyss:3  | Found a corrupted altar of Lugonu.
    66 | Abyss:3  | Noticed a large abomination
   107 | Abyss:4  | Noticed a bone dragon
   108 | Abyss:4  | Found a radiant altar of Vehumet.
   113 | Abyss:4  | Noticed a neqoxec
   115 | Abyss:4  | Noticed a crimson imp
   115 | Abyss:4  | Noticed a quasit
   121 | Abyss:4  | Noticed an iron imp
   123 | Abyss:4  | Noticed a wretched star
   124 | D:1      | Escaped the Abyss
   344 | D:1      | Reached * piety under Lugonu
   467 | D:1      | Reached XP level 2. HP: 22/24 MP: 3/3
   496 | D:1      | Reached skill level 1 in Shields
   533 | D:1      | Reached XP level 3. HP: 22/29 MP: 4/4
   926 | D:1      | Reached ** piety under Lugonu
  1785 | D:2      | Reached XP level 4. HP: 22/35 MP: 5/5
  2232 | D:3      | Noticed a centaur
  2239 | D:3      | Killed a centaur
  2239 | D:3      | Reached XP level 5. HP: 29/42 MP: 6/6
  2422 | D:3      | Found a transporter.
  2425 | D:3      | Found a transporter.
  2426 | D:3      | Noticed AlterAsc's ghost (novice GrEE)
  2427 | D:3      | Identified the +6 great mace "Virroop" {venom, rC+ Str-2
                  | Int+4 Dex+5}
  2427 | D:3      | Noticed an ogre
  2428 | D:3      | Noticed an ogre
  2532 | D:3      | You fall into a shaft and drop 2 floors!
  2532 | D:5      | Entered Level 5 of the Dungeon
  2532 | D:5      | Noticed an ogre
  2655 | D:5      | Noticed an ice beast
  2669 | D:5      | Noticed an ogre
  2678 | D:5      | Killed an ogre
  2678 | D:5      | Reached XP level 6. HP: 48/48 MP: 8/8
  2793 | D:5      | Reached *** piety under Lugonu
  2884 | D:4      | Reached XP level 7. HP: 55/55 MP: 9/9
  3162 | D:3      | You fall into a shaft and drop 1 floor!
  3607 | D:4      | Found an iron altar of Okawaru.
  3619 | D:4      | Got a pair of spiked boots
  3625 | D:4      | Identified the +0 pair of boots of Hide-and-Seek {SInv}
                  | (You found it on level 4 of the Dungeon)
  3928 | D:5      | Found a staircase to the Ecumenical Temple.
  3943 | Temple   | Entered the Ecumenical Temple
  4365 | D:5      | Slain by a gnoll

Levels and vault maps discovered:
D:1:      dpeg_arrival_long_road, layout_basic, st_stairs_12,
          minmay_misc_feat_cross, ebering_dispersal_statue_hall,
          minmay_split_cup_small
D:2:      layout_basic, first_ration
D:3:      layout_rooms, gammafunk_ghost_smash, serial_bayou,
          serial_bayou_pond_a, serial_bayou_crossing, serial_bayou_shore_b,
          serial_bayou_shore_a, grunt_decor_one_mirror
D:4:      layout_loops_ring, okawaru_metal_pillars_1_2
D:5:      wad_pebble_path, layout_basic, minmay_temple_entry_slanted
D:6:      layout_layer_cave, lemuel_zombie_altar_yredelemnul
Temple:   regret_index_temple_generic_petals

Skill      XL: |  1  2  3  4  5  6  7 |
---------------+----------------------+-----
Shields        | 1 2 3 4 |  4.4
Invocations    | 2 3 |  3.8
Long Blades    | 2 3 |  3.5
Fighting       | 4 |  4.8
Armour         | |  1.5
Dodging        | |  0.7

Action                   |  1- 3 |  4- 6 |  7- 9 || total
-------------------------+-------+-------+-------++-------
Melee: Flail             |   147 |    84 |    71 ||   302
Invok: Depart the Abyss  |     1 |       |       ||     1
  Use: Scroll            |     1 |       |     1 ||     2
 Stab: Sleeping          |       |       |     1 ||     1
Armor: Ring mail         |    82 |    64 |    34 ||   180
Dodge: Dodged            |    47 |    54 |    41 ||   142
Block: Large shield      |   106 |       |    18 ||   124
       Buckler           |     2 |    14 |     7 ||    23
       Rpst.: Falchion   |     2 |       |       ||     2
